 Dungeon Crawl Stone Soup version 0.30-a0-937-ga0a21ad780 (webtiles) character file.

Game seed: 81014620469404979

93 MachoJfn the Magician (level 4, -3/31 HPs)
             Began as a Djinni Hedge Wizard on Mar 24, 2023.
             Was an Initiate of Nemelex Xobeh.
             Slain by an ice beast (7 damage)
             ... on level 4 of the Dungeon.
             The game lasted 00:15:23 (3611 turns).

MachoJfn the Magician (Djinni Hedge Wizard)         Turns: 3611, Time: 00:15:26

Health: -3/31      AC:  5    Str:  6 (9)  XL:     4   Next: 91%
Gold:   136        EV: 12    Int: 16 (17) God:    Nemelex Xobeh [......] SH:  0 Dex: 12 (13)

rFire   + + .      SeeInvis .    a - +1 dagger
rCold   . . .      Faith    .    (no shield)
rNeg    . . .      Spirit   .    b - +0 robe
rPois   ∞          Reflect  .    c - +0 hat
rElec   .          Rampage  .    (no cloak)
rCorr   .                        h - +2 pair of gloves
Will    .....                    (boots unavailable)
Stlth   ++                       (no amulet)
HPRegen 0.25/turn                e - ring of protection from cold
MPRegen 0.00/turn                (no ring)

@: flying, invisible
A: sickness immunity, fire resistance 2, cold vulnerability 1, float, innate
caster, HP casting, extra vitality 1
a: Renounce Religion, Draw Escape, Draw Destruction, Draw Summoning


You were on level 4 of the Dungeon.
You worshipped Nemelex Xobeh.
Nemelex Xobeh was noncommittal.
You visited 1 branch of the dungeon, and saw 4 of its levels.

You collected 136 gold pieces.

Inventory:

Hand Weapons
 a - a +1 dagger (weapon)
Missiles
 i - 37 stones
 k - 3 boomerangs
Armour
 b - a +0 robe (worn)
 c - a +0 hat (worn)
 h - a +2 pair of gloves (worn)
Jewellery
 e - a ring of protection from cold (left hand)
Wands
 o - a wand of mindburst (11)
Scrolls
 d - a scroll of identify
 f - 3 scrolls of amnesia
 g - 2 scrolls of immolation
 j - 3 scrolls of teleportation
Potions
 l - a potion of degeneration


   Skills:
 + Level 2.3 Dodging
 + Level 2.0 Stealth
 + Level 3.8 Spellcasting


You knew the following spells:

 Your Spells              Type           Power      Damage    Failure   Level
a - Magic Dart            Conj           60%        1d6       3%          1
b - Slow                  Hex            60%        N/A       3%          1
c - Blink                 Tloc           30%        N/A       5%          2
d - Call Imp              Summ           15%        N/A       5%          2
e - Mephitic Cloud        Conj/Pois/Air  15%        N/A       11%         3
f - Sandblast             Erth           30%        2d9       3%          1
Your spell library was empty.

Dungeon Overview and Level Annotations

Branches:
Dungeon (4/15)
 Temple: D:4-7

Altars:
Nemelex Xobeh

Shops:
D:1 *   D:2 (   D:3 :


Innate Abilities, Weirdness & Mutations

You are immune to sickness and miasma.
You are immune to poison.
Your flesh is very heat resistant. (rF++)
You are vulnerable to cold. (rC-)
You float through the air rather than walking.
You learn spells naturally, not from books.
Your magical power is your life essence.
You have superior vitality. (+4 MHP)


Message History

Aim: an ice beast (ally target, 82% to hit)
The blast of sand hits the ice beast.
The ice beast is lightly wounded.
The ice beast barely misses you.
Your crimson imp closely misses the ice beast.
The ice beast closely misses you.
Your crimson imp hits the ice beast but does no damage.
The ice beast hits your crimson imp but does no damage.
Your crimson imp hits the ice beast.
The ice beast hits your crimson imp.
The ice beast freezes your crimson imp!!
Your crimson imp is frozen!
Your crimson imp dies!
Your crimson imp disappears in a puff of smoke!
You feel stable enough to blink again.
Casting: Sandblast (safe; 3% risk of failure)
Confirm with . or Enter, or press ? or * to list all spells.
Aiming: Slow (safe; 3% risk of failure)
Press: ? - help, Shift-Dir - straight line, f/p - ice beast
Aim: an ice beast (lightly wounded, chance to affect: 49%)
The ice beast resists with some effort.
Casting: Slow (safe; 3% risk of failure)
Confirm with . or Enter, or press ? or * to list all spells.
Aiming: Slow (safe; 3% risk of failure)
Press: ? - help, Shift-Dir - straight line, f/p - ice beast
Aim: an ice beast (lightly wounded, chance to affect: 49%)
The ice beast resists with some effort.
You fade into invisibility!
The ice beast hits you. The ice beast freezes you!
* * * LOW HITPOINT WARNING * * *
The ice beast barely misses you.
You hit the ice beast but do no damage.
The ice beast is lightly wounded.
The ice beast barely misses you.
You hit the ice beast but do no damage.
The ice beast is lightly wounded.
The ice beast hits you.
* * * LOW HITPOINT WARNING * * *
The ice beast freezes you!
You die...
Your body disappears without a glow.

#.####.......#.....#
#.5..#.......#.#####.
####.#.......#.#.....
#....#.......#.#.....
#.####......##.......
#.#..###.........#
#.....###........# .
##..#.##..##..Y..##....
....#...#...##..@.......
...###.......#..#.......
....................!...
........................
#.#.#.#...#########...##
#.........# ...#
..#.#.#..## ..#
.........# ..#
..#.#.#...


You could see an ice beast (unable to see you).

Vanquished Creatures
  An adder (D:2)
  A worm (D:4)
  3 dart slugs
  2 orcs (D:3)
  7 endoplasms
  3 giant cockroaches (D:3)
  3 hobgoblins
  2 jackals (D:1)
  3 quokkas
  4 ball pythons
  4 bats
  3 frilled lizards
  3 goblins
  3 kobolds
  4 rats
46 creatures vanquished.

Vanquished Creatures (collateral kills)
  An adder (D:4)
  A worm (D:4)
  2 orcs
  A ball python (D:1)
  An endoplasm (D:1)
  2 rats (D:3)
8 creatures vanquished.

Grand Total: 54 creatures vanquished

Notes
Turn   | Place    | Note
-------+----------+-------------------------------------------
     0 | D:1      | MachoJfn the Djinni Hedge Wizard began the quest for the
                  | Orb.
     0 | D:1      | MachoJfn set off with the following spells memorised: Magic
                  | Dart, Slow, Blink, Call Imp, Mephitic Cloud.
     0 | D:1      | Reached XP level 1. HP: 15/15 MP: 0/0
    76 | D:1      | Reached XP level 2. HP: 10/21 MP: 0/0
   230 | D:1      | Reached skill level 3 in Spellcasting
   247 | D:1      | Reached XP level 3. HP: 21/25 MP: 0/0
   247 | D:1      | Learned a level 1 spell: Sandblast
   355 | D:1      | Found Riorheoq's General Store.
  1472 | D:2      | Found Ygacloog's Weapon Emporium.
  1635 | D:3      | Reached XP level 4. HP: 20/31 MP: 0/0
  1816 | D:3      | Found a sparkling altar of Nemelex Xobeh.
  1821 | D:3      | Became a worshipper of Nemelex Xobeh the Trickster
  2295 | D:3      | Found Gocirchomea's Book Shop.
  3589 | D:4      | Noticed an ice beast
  3611 | D:4      | Slain by an ice beast

Illustrated notes

Levels and vault maps discovered:
D:1:      lightli_arrival_chessboard, layout_rooms, serial_shops,
          nicolae_diamond_shop
D:2:      layout_loops_corners, serial_shops, shop_fountains
D:3:      layout_basic, nemelex_spade_bored_becter, serial_shops, shop,
          hangedman_decor_clover_reticule, minmay_pentangle
D:4:      layout_cave_pools, serial_co_window_serial, co_window_paths_b,
          co_window_of_opportunity_a, co_window_corner_a,
          co_window_of_opportunity_a, co_window_corner_a, co_window_broadway_a,
          co_window_corner_ca, co_window_broadway_a, co_window_broadway_b,
          co_window_of_opportunity_b, co_window_broadway_b,
          co_window_of_opportunity_c, co_window_sun, glass_columns_c,
          glass_columns_b, glass_columns_b, minmay_misc_feat_alley

Skill      XL: |  1  2  3  4 |
---------------+-------------+-----
Spellcasting   | 3 |  3.8
Stealth        | 2 |  2.0
Dodging        | |  2.3

Action                     |  1- 3 |  4- 6 || total
---------------------------+-------+-------++-------
  Melee: Dagger            |     4 |     6 ||    10
   Cast: Magic Dart        |    47 |    18 ||    65
         Call Imp          |     3 |    10 ||    13
         Sandblast         |    15 |    21 ||    36
         Slow              |       |     2 ||     2
         Blink             |       |     1 ||     1
    Use: Scroll            |     3 |     7 ||    10
         Potion            |       |     5 ||     5
 Armour: Robe              |     1 |     6 ||     7
  Dodge: Dodged            |     3 |    15 ||    18

Table legend: (Time is in decaauts)
 A = Elapsed time spent in this place.
 B = Non-inter-level travel time spent in this place.
 C = Inter-level travel time spent in this place.
 D = Time resting spent in this place.
 E = Time spent auto-exploring this place.
 F = Levels seen in this place.
 G = Mean time per level.
                   A        B        C        D        E       F      G
               +--------+--------+--------+--------+--------+-----+--------+
         Total |   3630 |   3136 |    494 |    882 |   1882 |   4 |  907.5 |
       Dungeon |   3630 |   3136 |    494 |    882 |   1882 |   4 |  907.5 |
               +--------+--------+--------+--------+--------+-----+--------+

Top non-repeatable levels by time:
     D:3: 1099 daAuts
     D:4: 899 daAuts
     D:1: 836 daAuts
     D:2: 796 daAuts
